 Dungeon Sprint DCSS version 0.29-a0-721-g7f417c9bbb (webtiles) character file.

Game seed: 3871826219478109301

32562 mhtbhm the Ninja (level 12, -4/60 HPs)
             Began as a Spriggan Enchanter on June 27, 2022.
             Was the Champion of Dithmenos.
             Slain by Rupert
             ... wielding a +2 great sword of freezing
              (9 damage)
             ... while paralysed by Rupert
             ... in the Dungeon (Sprint III: "The Ten Rune Challenge").
             The game lasted 00:14:36 (2552 turns).

mhtbhm the Ninja (Spriggan Enchanter)               Turns: 2552, Time: 00:14:36

Health: -4/60      AC:  6    Str:  4    XL:     12   Next: 37%
Magic:  27/33      EV:  4    Int: 18    God:    Dithmenos [******]
Gold:   1306       SH:  0    Dex: 19    Spells: 32/43 levels left

rFire   . . .      SeeInvis +   a - +0 dagger (drain)
rCold   + . .      Faith    .   (no shield)
rNeg    + . .      Spirit   .   b - +2 robe of the Known World {rN+}
rPois   .          Reflect  .   (helmet restricted)
rElec   .          Harm     .   e - +1 cloak
rCorr   .          Rampage  .   (gloves unavailable)
Will    ++...      NoTele   +   (boots unavailable) Stlth *********+
                                (no amulet)
HPRegen 0.20/turn               n - ring "Ushu" {rC+ EV+4}
MPRegen 0.23/turn               (no ring)

@: paralysed, wreathed by umbra, very quick
A: very small, no large weapons, unfitting armour, see invisible, speed 3, large
bone plates 1, subdued magic 1
}: 1/10 runes: serpentine
a: Renounce Religion, Shadow Step, Shadow Form


You were in the Dungeon.
You worshipped Dithmenos.
Dithmenos was exalted by your worship.
You visited 1 branch You collected 2656 gold pieces.
You spent 1350 gold pieces at shops.

Inventory:

Hand Weapons
 a - a +0 dagger of draining (weapon)
Missiles
 q - 7 curare-tipped darts (quivered)
Armour
 b - the +2 robe of the Known World (worn) {rN+}
   (You bought it in a shop in the Dungeon)

   rN:        It protects you from negative energy.
 e - a +1 cloak (worn)
Jewellery
 n - the ring "Ushu" (left hand) {rC+ EV+4}
   (You bought it in a shop in the Dungeon)

   [ring of evasion]

   EV:        It affects your evasion (+4).
   rC:        It protects you from cold.
Scrolls
 f - 3 scrolls of identify
 i - 2 scrolls of blinking
 j - a scroll of amnesia
 m - 2 scrolls of torment
Potions
 c - a potion of invisibility
 d - 3 potions of curing
 g - 3 potions of magic
 l - 2 potions of mutation
 o - a potion of cancellation
Miscellaneous
 p - a tin of tremorstones (2/2)


   Skills:
 + Level 5.9 Fighting
 + Level 12.9 Short Blades
 + Level 1.6 Throwing
 + Level 11.0 Dodging
 O Level 27 Stealth
 + Level 2.0 Shields
 + Level 16.3 Spellcasting
 + Level 2.1 Conjurations
 + Level 16.0 Hexes
 + Level 6.4 Ice Magic
 + Level 4.6 Invocations
 + Level 6.2 Evocations


You had 32 spell levels left.
You knew the following spells:

 Your Spells              Type           Power      Damage    Failure   Level
a - Ensorcelled Hibernat  Hex/Ice        84%        N/A       1%          2
b - Confusing Touch       Hex            53%        N/A       0%          3
c - Tukima's Dance        Hex            53%        N/A       0%          3
d - Dazzling Flash        Conj/Hex       72%        N/A       1%          3

Your spell library contained the following spells:

 Spells                   Type           Power      Damage    Failure   Level
 Ozocubu's Armour         Ice            29%        N/A       1%          3
 Summon Guardian Golem    Hex/Summ       33%        N/A       1%          3
 Summon Small Mammal      Summ           44%        N/A       3%          1
 Call Canine Familiar     Summ           11%        N/A       10%         3
 Ozocubu's Refrigeration  Ice            14%        4d7       92%         7


Dungeon Overview and Level Annotations

Branches:
Dungeon (1/1)

Altars:
Cheibriados
Dithmenos
Elyvilon
Fedhas
Gozag
Hepliaklqana
Kikubaaqudgha
Makhleb
Nemelex Xobeh
Okawaru
Qazlal
Ru
Sif Muna
Trog
Uskayaw
Vehumet
Wu Jian
Xom
Yredelemnul
Zin
The Shining One
Beogh
Jiyva
Lugonu

Shops:
D ?[:(?*!=([!:=[?

Annotations:
D Rupert


Innate Abilities, Weirdness & Mutations

You are very small and have problems with some larger weapons.
You are too small for most types of armour.
You have supernaturally acute eyesight. (SInv)
You cover ground extremely quickly. (Speed+++)
You are partially covered in large bone plates. (SH +4)
Your spells are a little easier to cast, but a little less powerful.


Message History

You start resting.
Magic restored.
You start resting.
You start resting.
HP restored.
You open the door.
Rupert the Wild comes into view.
He is wielding a +2 great sword of freezing and wearing a +3 scale mail of fire resistance.
There is an open door here.
Aiming: Shadow Step
Press: ? - help, Dir - move target, f - Rupert
Aim: Rupert, wielding a +2 great sword of freezing and wearing a +3 scale mail of fire resistance (asleep, umbra)
You step into Rupert's shadow.
Rupert misses you.
You barely miss Rupert.
Your shadow hits Rupert but does no damage.
Rupert barely misses you.
Casting: Ensorcelled Hibernation (safe; 1% risk of failure)
Confirm with . or Enter, or press ? or * to list all spells.
Okay, then.
Casting: Ensorcelled Hibernation (safe; 1% risk of failure)
Confirm with . or Enter, or press ? or * to list all spells.
Casting: Dazzling Flash (safe; 1% risk of failure)
Press: ? - help, Dir - look around, f - activate Look: Rupert, wielding a +2 great sword of freezing and wearing a +3 scale mail of fire resistance (umbra, chance to dazzle: 27%)
Okay, then.
Casting: Dazzling Flash (safe; 1% risk of failure)
Confirm with . or Enter, or press ? or * to list all spells.
Casting: Dazzling Flash (safe; 1% risk of failure)
Press: ? - help, Dir - look around, f - activate Rupert roars wildly at you.
You suddenly lose the ability to move!
Rupert roars madly and goes into a rage!
Rupert goes berserk!
Rupert hits you with a +2 great sword of freezing!!!
Ouch! That really hurt!
* * * LOW HITPOINT WARNING * * *
You emit a cloud of dark smoke.
Rupert freezes you!
* * * LOW HITPOINT WARNING * * *
Rupert completely misses you.
Rupert hits you with a +2 great sword of freezing!
You die...

#..# #..#####....#___#__'...#.#
▓▓▓▓▓▓▓▓▓▓▓▓▓▓▓▓▓▓▓▓▓▓▓▓▓▓▓▓▓▓▓
*,,,+≈≈.≈≈≈§.≈♣♣.....♣♣♣♣≈≈≈...
*,,,#≈..≈§§§≈≈♣♣.≈≈≈≈'♣♣'♣≈≈≈≈≈
*,,,#≈≈≈≈§§≈≈≈≈'....†#.≈♣♣♣♣♣♣♣
*,,,#≈≈≈§≈§§≈.♣♣♣♣♣♣♣#..♣♣
*,,,#≈≈.≈§§§≈≈♣ ###'♣♣♣♣♣♣
***+####'#######♣ ♣♣♣♣.##..##
*...........§@@§♣* ♣...##.##.#
*#+#############+* ♣♣.##.##.##
*,,,*≈,,,,,,,,,,,* ♣..#÷##...
*,,,+≈≈,,,********** ♣♣.##.##.)
*,,,*≈≈≈,,,,,,,,,,,* ♣♣.##.####
*,,,*≈≈≈≈,,,,,,,,,,* ♣.....##†.
*+*************+*****########'#
**,****** *≈≈≈≈≈≈≈≈≈≈≈≈*#..
**,*,,,*** *≈≈≈≈≈≈≈≈≈≈≈≈*#..


You could see Rupert (berserk).

Vanquished Creatures
  Harold (D)
  A nagaraja (D)
  Snorg (D)
  2 hydras (D)
  A centaur warrior (D)
  2 anacondas (D)
  A naga warrior (D)
  Urug (D)
  A spriggan druid (D)
  A death drake (D)
  A lindwurm (D)
  Joseph (D)
  An orange crystal statue (D)
  A deep elf pyromancer (D)
  2 crystal guardians (D)
  2 black mambas (D)
  A guardian serpent (D)
  2 cane toads (D)
  An unseen horror (D)
  A rime drake (D)
  A komodo dragon (D)
  3 wandering mushrooms (D)
  A queen bee (D)
  2 tyrant leeches (D)
  3 orc high priests (D)
  5 blink frogs (D)
  A shadow (D)
  2 spriggans (D)
  3 redbacks (D)
  A spatial vortex (D)
  5 water moccasins (D)
  2 nagas (D)
  A swamp drake (D)
  An orc warrior (D)
  2 centaurs (D)
  An earth elemental (D)
  A water elemental (D)
  A necrophage (D)
  32 killer bees (D)
  An electric eel (D)
  A jelly (D)
  2 orc priests (D)
  A wizard (D)
  Crazy Yiuf (D)
  Jessica (D)
  3 orc wizards (D)
  A necromancer (D)
  3 humans (D)
  A kobold demonologist (D)
  5 adders (D)
  13 orcs (D)
  2 endoplasms (D)
  A rat (D)
129 creatures vanquished.

Vanquished Creatures (others)
  5 plants (D)
5 creatures vanquished.

Grand Total: 134 creatures vanquished

Notes
Turn   | Place    | Note
-------+----------+-------------------------------------------
     0 | D        | mhtbhm the Spriggan Enchanter began the quest for the Orb.
     0 | D        | Reached XP level 1. HP: 9/9 MP: 5/5
    72 | D        | Reached skill level 5 in Stealth
    95 | D        | Noticed Jessica
   100 | D        | Killed Jessica
   101 | D        | Reached skill level 6 in Stealth
   101 | D        | Reached skill level 5 in Hexes
   101 | D        | Reached XP level 2. HP: 13/13 MP: 6/8
   101 | D        | Reached XP level 3. HP: 16/16 MP: 6/9
   134 | D        | Learned a level 2 spell: Ensorcelled Hibernation
   138 | D        | Learned a level 3 spell: Confusing Touch
   142 | D        | Learned a level 3 spell: Tukima's Dance
   172 | D        | Noticed Crazy Yiuf
   210 | D        | Reached skill level 7 in Stealth
   231 | D        | Killed Crazy Yiuf
   232 | D        | Reached skill level 5 in Spellcasting
   232 | D        | Reached XP level 4. HP: 15/21 MP: 0/12
   352 | D        | Gained mutation: You are partially covered in large bone
                  | plates. (SH +4) [potion of mutation]
   352 | D        | Gained mutation: Your spells are a little easier to cast,
                  | but a little less powerful. [potion of mutation]
   358 | D        | Learned a level 3 spell: Dazzling Flash
   361 | D        | Noticed a water elemental
   372 | D        | Killed a water elemental
   373 | D        | Reached skill level 9 in Stealth
   383 | D        | Found a basalt altar of Yredelemnul.
   383 | D        | Found a shadowy altar of Dithmenos.
   383 | D        | Found a sacrificial altar of Ru.
   383 | D        | Noticed a necrophage
   386 | D        | Reached XP level 5. HP: 25/25 MP: 14/14
   387 | D        | Reached skill level 5 in Short Blades
   387 | D        | Reached skill level 11 in Stealth
   390 | D        | Became a worshipper of Dithmenos the Shadowed
   408 | D        | Found a radiant altar of Vehumet.
   409 | D        | Found a shimmering blue altar of Sif Muna.
   409 | D        | Found an ancient bone altar of Kikubaaqudgha.
   411 | D        | Reached skill level 5 in Dodging
   425 | D        | Found a glowing silver altar of Zin.
   426 | D        | Found a glowing golden altar of the Shining One.
   426 | D        | Found a white marble altar of Elyvilon.
   426 | D        | Noticed a deep elf pyromancer
   428 | D        | Killed a deep elf pyromancer
   428 | D        | Reached * piety under Dithmenos
   429 | D        | Reached skill level 1 in Fighting
   429 | D        | Reached skill level 15 in Stealth
   429 | D        | Reached XP level 6. HP: 30/30 MP: 15/18
   429 | D        | Reached XP level 7. HP: 33/33 MP: 16/20
   457 | D        | Found a hide-covered altar of Uskayaw.
   457 | D        | Found an iron altar of Okawaru.
   458 | D        | Found a bloodstained altar of Trog.
   458 | D        | Found an ornate altar of the Wu Jian Council.
   458 | D        | Noticed a human
   458 | D        | Noticed a human
   460 | D        | Killed a human
   461 | D        | Killed a human
   462 | D        | Reached skill level 16 in Stealth
   485 | D        | Noticed a shadow
   508 | D        | Killed a shadow
   508 | D        | Reached ** piety under Dithmenos
   509 | D        | Reached XP level 8. HP: 37/37 MP: 19/22
   531 | D        | Reached skill level 17 in Stealth
   533 | D        | Found a blossoming altar of Fedhas.
   533 | D        | Found a stormy altar of Qazlal.
   534 | D        | Found a snail-covered altar of Cheibriados.
   534 | D        | Found a burning altar of Makhleb.
   534 | D        | Found a hazy altar of Hepliaklqana.
   534 | D        | Found a shimmering altar of Xom.
   534 | D        | Found an opulent altar of Gozag.
   534 | D        | Found a sparkling altar of Nemelex Xobeh.
   534 | D        | Found a corrupted altar of Lugonu.
   534 | D        | Found a viscous altar of Jiyva.
   554 | D        | Noticed Snorg
   566 | D        | Killed Snorg
   567 | D        | Reached skill level 10 in Short Blades
   567 | D        | Reached skill level 19 in Stealth
   567 | D        | Reached skill level 10 in Spellcasting
   567 | D        | Reached skill level 10 in Hexes
   599 | D        | Reached *** piety under Dithmenos
   600 | D        | Reached XP level 9. HP: 42/42 MP: 24/24
   605 | D        | Noticed a centaur warrior
   609 | D        | Killed a centaur warrior
   610 | D        | Reached skill level 21 in Stealth
   626 | D        | Noticed an unseen horror
   627 | D        | Killed an unseen horror
   627 | D        | Reached **** piety under Dithmenos
   628 | D        | Reached skill level 1 in Conjurations
   632 | D        | Noticed a wandering mushroom
   636 | D        | Noticed a wandering mushroom
   638 | D        | Noticed a wandering mushroom
   639 | D        | Killed a wandering mushroom
   640 | D        | Reached skill level 22 in Stealth
   648 | D        | Killed a wandering mushroom
   797 | D        | Noticed a queen bee
   798 | D        | Reached ***** piety under Dithmenos
   799 | D        | Reached skill level 23 in Stealth
   799 | D        | Reached XP level 10. HP: 47/47 MP: 26/26
   799 | D        | Reached ****** piety under Dithmenos
   802 | D        | Reached skill level 24 in Stealth
   802 | D        | Reached skill level 1 in Evocations
   900 | D        | Noticed Harold
   900 | D        | Noticed Joseph
   902 | D        | Killed Harold
   903 | D        | Reached skill level 25 in Stealth
   903 | D        | Killed Joseph
   947 | D        | Found Ycho Raleh's Weapon Emporium.
  1122 | D        | Reached skill level 1 in Ice Magic
  1125 | D        | Reached skill level 26 in Stealth
  1203 | D        | Noticed an orange crystal statue
  1219 | D        | Found Recook's Armour Emporium.
  1219 | D        | Found Fanein's Magic Scroll Shoppe.
  1219 | D        | Found Qyan's Antique Weapon Boutique.
  1219 | D        | Found Qeal's Distillery.
  1219 | D        | Found Usuiz's Antique Armour Shop.
  1219 | D        | Found Cenittam's Jewellery Emporium.
  1219 | D        | Found Cuaxav's Book Boutique.
  1220 | D        | Found Ziho's Jewellery Boutique.
  1220 | D        | Found Nipsoum's Distillery.
  1220 | D        | Found Dirhot's Assorted Antiques.
  1220 | D        | Found Ylydikh's Magic Scroll Emporium.
  1261 | D        | Bought a scroll of blinking for 82 gold pieces
  1261 | D        | Bought a scroll of magic mapping for 38 gold pieces
  1275 | D        | Bought the ring "Ushu" {rC+ EV+4} for 700 gold pieces
  1280 | D        | Bought a potion of invisibility for 96 gold pieces
  1327 | D        | Killed an orange crystal statue
  1328 | D        | Reached XP level 11. HP: 52/52 MP: 2/28
  1444 | D        | Noticed a crystal guardian
  1444 | D        | Noticed a crystal guardian
  1444 | D        | Noticed a crystal guardian
  1444 | D        | Noticed a crystal guardian
  1445 | D        | Killed a crystal guardian
  1446 | D        | Reached skill level 1 in Invocations
  1496 | D        | Killed a crystal guardian
  1908 | D        | Reached skill level 27 in Stealth
  1950 | D        | Noticed a lindwurm
  1953 | D        | Killed a lindwurm
  1954 | D        | Reached skill level 1 in Shields
  1962 | D        | Noticed Urug
  1964 | D        | Killed Urug
  1965 | D        | Reached skill level 5 in Evocations
  1981 | D        | Noticed a seven-headed hydra
  1981 | D        | Noticed a five-headed hydra
  1983 | D        | Killed a five-headed hydra
  2001 | D        | Killed a seven-headed hydra
  2017 | D        | Noticed a death drake
  2020 | D        | Killed a death drake
  2031 | D        | Noticed an anaconda
  2032 | D        | Noticed an anaconda
  2033 | D        | Killed an anaconda
  2034 | D        | Reached skill level 10 in Dodging
  2038 | D        | Killed an anaconda
  2039 | D        | Reached skill level 15 in Spellcasting
  2039 | D        | Reached skill level 5 in Ice Magic
  2116 | D        | Reached skill level 5 in Fighting
  2116 | D        | Reached skill level 15 in Hexes
  2127 | D        | Reached skill level 1 in Throwing
  2127 | D        | Reached XP level 12. HP: 60/60 MP: 32/32
  2138 | D        | Noticed a naga warrior
  2138 | D        | Noticed a nagaraja
  2138 | D        | Found Naomno Nuon's Magic Scroll Shop.
  2138 | D        | Found Gauti's Antique Armour Shoppe.
  2138 | D        | Found Oteesem's Book Boutique.
  2142 | D        | Killed a naga warrior
  2143 | D        | Killed a nagaraja
  2160 | D        | Got a serpentine rune of Zot
  2179 | D        | Bought a creamy pearl robe for 136 gold pieces
  2179 | D        | Identified the +0 robe "Epimelim" {rCorr Int+4} (You bought
                  | it in a shop in the Dungeon)
  2180 | D        | Bought a ripped robe for 136 gold pieces
  2180 | D        | Identified the +2 robe of the Known World {rN+} (You bought
                  | it in a shop in the Dungeon)
  2186 | D        | Bought a scroll of blinking for 90 gold pieces
  2186 | D        | Bought a scroll of identify for 24 gold pieces
  2186 | D        | Bought a scroll of identify for 24 gold pieces
  2186 | D        | Bought a scroll of identify for 24 gold pieces
  2235 | D        | Found a blossoming altar of Fedhas.
  2545 | D        | Noticed Rupert
  2549 | D        | Paralysed by Rupert for 4 turns
  2552 | D        | Slain by Rupert

Illustrated notes

Levels and vault maps discovered:
D:        dungeon_sprint_mu [sprint_mu_entry_cave, sprint_mu_temple_rooms,
          sprint_mu_d1_horrors, sprint_mu_d2_genie, sprint_mu_d3_branching,
          sprint_mu_orc_legion, sprint_mu_elf_gauntlet, sprint_mu_hive_nellie,
          sprint_mu_lair_fedhas, sprint_mu_vaults_butterflies,
          sprint_mu_slime_circle, sprint_mu_shoals_archi,
          sprint_mu_snake_twists, sprint_mu_blade_basic,
          sprint_mu_crypt_chambers, sprint_mu_tomb_spiral,
          sprint_mu_vestibule_basic, sprint_mu_gehenna_hellfire,
          sprint_mu_dis_giant, sprint_mu_tartarus_statrot,
          sprint_mu_cocytus_islands, sprint_mu_zot1]

Skill      XL: |  1  2  3  4  5  6  7  8  9 10 11 12 |
---------------+-------------------------------------+-----
Spellcasting   | 4 5 6 8 9 10 11 12 15 16 | 16.3
Stealth        | 6 7 9 15 16 19 23 26 27 | 27.0
Hexes          | 5 6 7 9 10 11 12 15 16 | 16.0
Dodging        | 3 4 5 6 7 8 10 11 | 11.0
Short Blades   | 2 4 7 9 10 11 12 | 12.9
Fighting       | 1 2 3 5 |  5.9
Conjurations   | 1 2 |  2.1
Evocations     | 3 5 6 |  6.2
Ice Magic      | 1 5 6 |  6.4
Invocations    | 3 4 |  4.6
Shields        | 1 2 |  2.0
Throwing       | 1 |  1.6

Action                   |  1- 3 |  4- 6 |  7- 9 | 10-12 || total
-------------------------+-------+-------+-------+-------++-------
Melee: Dagger            |    34 |    13 |    40 |   141 ||   228
       Punch             |       |       |     1 |     3 ||     4
Throw: Dart              |       |       |       |     1 ||     1
 Cast: Ensorcelled Hiber |     4 |       |     1 |    16 ||    21
       Confusing Touch   |     2 |       |     4 |     1 ||     7
       Dazzling Flash    |       |       |     1 |     5 ||     6
Invok: Shadow Step       |       |       |       |    11 ||    11
Evoke: Tin of tremorston |       |       |     1 |     7 ||     8
  Use: Potion            |     1 |     2 |       |     7 ||    10
       Scroll            |       |       |       |     5 ||     5
 Stab: Sleeping          |     4 |     5 |    11 |    51 ||    71
       Confused          |     1 |       |     3 |     1 ||     5
       Invisible         |       |     2 |       |     3 ||     5
       Distracted        |       |       |       |     1 ||     1
Armor: Robe              |     2 |       |       |     6 ||     8
Dodge: Dodged            |    15 |     2 |    11 |    76 ||   104
Block: Other             |       |     1 |     3 |    10 ||    14

Table legend: (Time is in decaauts)
 A = Elapsed time spent in this place.
 B = Non-inter-level travel time spent in this place.
 C = Inter-level travel time spent in this place.
 D = Time resting spent in this place.
 E = Time spent auto-exploring this place.
 F = Levels seen in this place.
 G = Mean time per level.
                   A        B        C        D        E       F      G
               +--------+--------+--------+--------+--------+-----+--------+
         Total |   2112 |   2081 |     31 |   1134 |    102 |   1 | 2112.0 |
       Dungeon |   2112 |   2081 |     31 |   1134 |    102 |   1 | 2112.0 |
               +--------+--------+--------+--------+--------+-----+--------+

Top non-repeatable levels by time:
       D: 2112 daAuts
